 Dungeon Crawl Stone Soup version 0.28-a0-1520-gc3277d3759 (webtiles) character file.

Game seed: 13697314695644385920

1747 sanka the Ruffian (level 9, 0/73 HPs)
             Began as a Gnoll Cinder Acolyte on Jan 17, 2022.
             Was a High Priest of Ignis.
             Succumbed to a kobold's poison
             ... on level 5 of the Dungeon.
             The game lasted 00:09:34 (7329 turns).

sanka the Ruffian (Gnoll Cinder Acolyte)            Turns: 7329, Time: 00:09:35

Health: 0/73       AC:  1    Str: 14    XL:     9   Next: 6%
Magic:  16/16      EV: 12    Int: 21    God:    Ignis [*****.]
Gold:   279        SH:  0    Dex:  7    Spells: 9/17 levels left

rFire   + . .      SeeInvis .   m - +9 hand axe of Ressoidd {protect, Will+ Int+3}
rCold   . . .      Faith    .   (no shield)
rNeg    . . .      Spirit   .   a - +0 robe
rPois   .          Reflect  .   (no helmet)
rElec   .          Harm     .   j - scarf {shadows}
rCorr   .          Rampage  .   k - +2 pair of gloves
Will    +....                   (no boots)
Stlth   ++........              (no amulet)
HPRegen 0.22/turn               (no ring)
MPRegen 0.15/turn               q - +4 ring of protection

@: lethally poisoned (0 -> -17), corroded
A: fangs 1, strong nose, distributed training
a: Renounce Religion, Fiery Armour, Foxfire Swarm, Rising Flame


You were on level 5 of the Dungeon.
You worshipped Ignis.
Ignis was extremely pleased with you.
You visited 2 branches of the dungeon, and saw 7 of its levels.

You collected 279 gold pieces.


Innate Abilities, Weirdness & Mutations

You have very sharp teeth.
Your uncanny sense of smell can sniff out nearby items.
Your experience applies equally to all skills.


   Skills:
 + Level 7.6 Fighting
 + Level 3.8 Short Blades
 + Level 3.8 Long Blades
 + Level 3.8 Axes
 + Level 3.8 Maces & Flails
 + Level 3.8 Polearms
 + Level 3.8 Staves
 + Level 3.8 Slings
 + Level 3.8 Bows
 + Level 3.8 Crossbows
 + Level 3.8 Throwing
 + Level 3.8 Armour
 + Level 3.8 Dodging
 + Level 3.8 Stealth
 + Level 3.8 Shields
 + Level 7.6 Unarmed Combat
 + Level 4.8 Spellcasting
 + Level 3.1 Conjurations
 + Level 3.1 Hexes
 + Level 3.1 Summonings
 + Level 3.1 Necromancy
 + Level 3.1 Translocations
 + Level 3.1 Transmutations
 + Level 6.3 Fire Magic
 + Level 3.1 Ice Magic
 + Level 3.1 Air Magic
 + Level 3.1 Earth Magic
 + Level 3.1 Poison Magic
 + Level 4.2 Invocations
 + Level 3.8 Evocations


You had 9 spell levels left.
You knew the following spells:

 Your Spells              Type           Power      Damage    Failure   Level
u - Frozen Ramparts       Ice            36%        1d5       9%          3
y - Scorch                Fire           62%        2d8       1%          2
z - Stone Arrow           Conj/Erth      36%        3d9       9%          3

Your spell library contained the following spells:

 Spells                   Type           Power      Damage    Failure   Level
 Freeze                   Ice            72%        1d9       3%          1
 Animate Armour           Summ/Erth      36%        N/A       30%         4
 Hailstorm                Conj/Ice       18%        3d6       30%         4
 Lehudib's Crystal Spear  Conj/Erth      9%         10d4      100%        8

Inventory:

Hand Weapons
 d - a +1 short sword of electrocution
 m - the +9 hand axe of Ressoidd (weapon) {protect, Will+ Int+3}

   It grants its wielder temporary protection when it strikes (+7 to AC).
   Int:       It affects your intelligence (+3).
   Will:      It increases your willpower.
Armour
 a - a +0 robe (worn)
 j - a scarf of shadows (worn)
 k - a +2 pair of gloves (worn)
 z - a +0 helmet
Jewellery
 q - a +4 ring of protection (right hand)
Wands
 p - a wand of flame (19)
 u - a wand of paralysis (12)
 v - a wand of polymorph (4)
 A - a wand of iceblast (6)
Scrolls
 e - 7 scrolls of identify {unknown}
 i - a scroll of enchant weapon {unknown}
 n - 2 scrolls of blinking {unknown}
 o - a scroll of vulnerability {unknown}
 r - 2 scrolls of teleportation {unknown}
 s - 3 scrolls of fear {unknown}
 x - a scroll of magic mapping {unknown}
 y - a scroll of fog {unknown}
Potions
 b - a potion of curing {unknown}
 c - a potion of resistance {unknown}
 f - a potion of ambrosia {unknown}
 g - a potion of cancellation {unknown}
 h - a potion of haste {unknown}
 l - 2 potions of heal wounds {unknown}
 t - a potion of flight {unknown}
 w - a potion of invisibility {unknown}
 B - a potion of berserk rage {unknown}

Dungeon Overview and Level Annotations

Branches:
Dungeon (6/15)             Temple (1/1) D:5

Altars:
Ashenzari
Cheibriados
Dithmenos
Elyvilon
Fedhas
Gozag
Kikubaaqudgha
Makhleb
Okawaru
Qazlal
Ru
Sif Muna
Trog
Uskayaw
Vehumet
Wu Jian
Xom
Yredelemnul
Zin
The Shining One

Shops:
D:2 ==   D:3 = D:4

= ▒▒▒▒▒▒▒▒▒▒ .........▒
▒▒▒▒▒▒▒▒.▒ .........▒▒▒▒▒▒▒▒
▒▒..............▒
................▒
....^...........▒
▒▒..........[...▒▒
................g▒
<▒.▒.▒▒▒.▒▒.▒.▒▒▒▒▒▒▒▒▒▒▒▒▒▒▒▒▒▒▒
▒▒.▒.▒ ▒.▒▒.▒...................▒
...▒.▒ ▒.▒▒.▒▒▒▒▒▒▒▒▒▒▒▒▒▒▒▒▒▒.▒▒
▒▒▒▒.▒ ▒.▒▒....▒ ▒......▒▒.▒
.....▒ ▒.▒▒▒▒▒.▒▒▒▒▒▒▒+▒▒▒▒.▒▒.▒
.▒▒▒▒▒▒▒.▒..............▒ ▒.▒▒.▒
.........+..............▒ ▒.▒▒.▒
..▒▒▒▒▒▒.▒..............▒ ▒.▒▒.▒


There were no monsters in sight!


Message History

Your life force feels restored.
You feel very sick. The kobold hits you but does no damage.
The kobold brigand hits you with a +0 dagger.
* * * LOW HITPOINT WARNING * * *
Items here: ( )) [ £.
Unknown command.
Unknown command.
You feel sick.
You feel sick.
You feel sick.
You feel sick.
You feel sick.
You feel sick.
The kobold throws a stone.
The stone hits you.
* * * LOW HITPOINT WARNING * * *
The kobold throws a poisoned dart.
The poisoned dart hits you.
You are more poisoned.
There is a stone staircase leading up here.
* * * LOW HITPOINT WARNING * * *
You feel sick.
The kobold throws a stone.
The stone barely misses you.
The kobold throws a poisoned dart.
The poisoned dart hits you!
You are lethally poisoned!
You climb upwards.
You die...

Action                   |  1- 3 |  4- 6 |  7- 9 || total
-------------------------+-------+-------+-------++-------
Melee: Unarmed           |    20 |       |       ||    20
       Bite              |     7 |     5 |     6 ||    18
       Short sword       |    72 |    19 |       ||    91
       Punch             |     2 |     1 |     4 ||     7
       Hand axe          |       |   117 |    52 ||   169
 Cast: Scorch            |     6 |    15 |    50 ||    71
 Stab: Sleeping          |       |     1 |     1 ||     2
       Distracted        |       |     1 |       ||     1
Armor: Robe              |    16 |    66 |    31 ||   113
Dodge: Dodged            |    74 |    94 |    59 ||   227

Levels and vault maps discovered:
D:1:      lemuel_arrival_room, layout_basic
D:2:      layout_rooms, serial_aquarium, aquarium_bridge_straight
          [aquarium_subvault_bridge, aquarium_subvault_window,
          aquarium_subvault_bridge, aquarium_subvault_wall],
          aquarium_bridge_long_separate [aquarium_subvault_window,
          aquarium_subvault_window, aquarium_subvault_bridge,
          aquarium_subvault_wall, aquarium_subvault_bridge,
          aquarium_subvault_balcony], aquarium_window_corner,
          aquarium_window_fake, aquarium_window_fake, aquarium_view_2c,
          aquarium_view_2f, aquarium_balcony_double_1, serial_shops, shop,
          chequers_serial_rivers_marsh, nicolae_shop_unique_rings, uniq_terence
D:3:      layout_basic, nicolae_qazlal_scattered_showers, tso_oasis_becter,
          nicolae_kikubaaqudgha_miasma_corner, serial_shops,
          nicolae_square_shop, st_stairs_5
D:4:      layout_cave_pods, serial_shops, shop
D:5:      layout_basic, chei_slow_surprise, minmay_temple_entry_glass,
          uniq_blork_the_orc
D:6:      hangedman_cross_stitches, layout_gridville, lightli_church_of_beogh
Temple:   kb_temple_of_zot

Notes
Turn   | Place    | Note
-------+----------+-------------------------------------------
     0 | D:1      | sanka the Gnoll Cinder Acolyte began the quest for the Orb.
     0 | D:1      | Reached XP level 1. HP: 23/23 MP: 4/4
   241 | D:1      | Reached XP level 2. HP: 27/29 MP: 5/5
   266 | D:1      | Learned a level 2 spell: Scorch
  1051 | D:1      | Reached XP level 3. HP: 31/35 MP: 7/7
  1586 | D:2      | Noticed Terence
  1595 | D:2      | Killed Terence
  1596 | D:2      | Reached skill level 1 in Short Blades
  1596 | D:2      | Reached skill level 1 in Long Blades
  1596 | D:2      | Reached skill level 1 in Axes
  1596 | D:2      | Reached skill level 1 in Maces & Flails
  1596 | D:2      | Reached skill level 1 in Polearms
  1596 | D:2      | Reached skill level 1 in Staves
  1596 | D:2      | Reached skill level 1 in Slings
  1596 | D:2      | Reached skill level 1 in Bows
  1596 | D:2      | Reached skill level 1 in Crossbows
  1596 | D:2      | Reached skill level 1 in Throwing
  1596 | D:2      | Reached skill level 1 in Armour
  1596 | D:2      | Reached skill level 1 in Dodging
  1596 | D:2      | Reached skill level 1 in Stealth
  1596 | D:2      | Reached skill level 1 in Shields
  1596 | D:2      | Reached skill level 1 in Invocations
  1596 | D:2      | Reached skill level 1 in Evocations
  1596 | D:2      | Reached XP level 4. HP: 34/41 MP: 1/8
  1726 | D:2      | Found Ucae's Jewellery Shoppe.
  1873 | D:2      | Reached skill level 3 in Spellcasting
  1895 | D:2      | Identified the +9 hand axe of Ressoidd {protect, Will+
                  | Int+3}
  2170 | D:2      | Reached skill level 1 in Conjurations
  2170 | D:2      | Reached skill level 1 in Hexes
  2170 | D:2      | Reached skill level 1 in Summonings
  2170 | D:2      | Reached skill level 1 in Necromancy
  2170 | D:2      | Reached skill level 1 in Translocations
  2170 | D:2      | Reached skill level 1 in Transmutations
  2170 | D:2      | Reached skill level 1 in Ice Magic
  2170 | D:2      | Reached skill level 1 in Air Magic
  2170 | D:2      | Reached skill level 1 in Earth Magic
  2170 | D:2      | Reached skill level 1 in Poison Magic
  2368 | D:2      | Found Duss's One-of-a-Kind Rings.
  2680 | D:3      | Reached XP level 5. HP: 39/47 MP: 6/9
  3084 | D:3      | Found a stormy altar of Qazlal.
  3479 | D:3      | Found Bekaon's Jewellery Boutique.
  3725 | D:3      | Found a glowing golden altar of the Shining One.
  3751 | D:3      | Found an ancient bone altar of Kikubaaqudgha.
  4044 | D:4      | Reached skill level 2 in Invocations
  4044 | D:4      | Reached XP level 6. HP: 40/53 MP: 9/11
  4143 | D:4      | Reached skill level 2 in Short Blades
  4143 | D:4      | Reached skill level 2 in Long Blades
  4143 | D:4      | Reached skill level 2 in Axes
  4143 | D:4      | Reached skill level 2 in Maces & Flails
  4143 | D:4      | Reached skill level 2 in Polearms
  4143 | D:4      | Reached skill level 2 in Staves
  4143 | D:4      | Reached skill level 2 in Slings
  4143 | D:4      | Reached skill level 2 in Bows
  4143 | D:4      | Reached skill level 2 in Crossbows
  4143 | D:4      | Reached skill level 2 in Throwing
  4143 | D:4      | Reached skill level 2 in Armour
  4143 | D:4      | Reached skill level 2 in Dodging
  4143 | D:4      | Reached skill level 2 in Stealth
  4143 | D:4      | Reached skill level 2 in Shields
  4143 | D:4      | Reached skill level 2 in Evocations
  4667 | D:4      | Reached XP level 7. HP: 59/59 MP: 12/12
  4764 | D:4      | Reached skill level 7 in Fighting
  4764 | D:4      | Reached skill level 7 in Unarmed Combat
  4764 | D:4      | Reached skill level 2 in Conjurations
  4764 | D:4      | Reached skill level 2 in Hexes
  4764 | D:4      | Reached skill level 2 in Summonings
  4764 | D:4      | Reached skill level 2 in Necromancy
  4764 | D:4      | Reached skill level 2 in Translocations
  4764 | D:4      | Reached skill level 2 in Transmutations
  4764 | D:4      | Reached skill level 2 in Ice Magic
  4764 | D:4      | Reached skill level 2 in Air Magic
  4764 | D:4      | Reached skill level 2 in Earth Magic
  4764 | D:4      | Reached skill level 2 in Poison Magic
  4795 | D:4      | Found Waosch's Jewellery Boutique.
  5183 | D:4      | Learned a level 3 spell: Stone Arrow
  5411 | D:5      | Entered Level 5 of the Dungeon
  5429 | D:5      | Found a staircase to the Ecumenical Temple.
  5437 | Temple   | Entered the Ecumenical Temple
  5775 | D:5      | Found a snail-covered altar of Cheibriados.
  5893 | D:5      | Noticed Blork the orc
  5899 | D:5      | Killed Blork the orc
  5900 | D:5      | Reached skill level 4 in Spellcasting
  5900 | D:5      | Reached skill level 3 in Invocations
  6176 | D:5      | Reached skill level 6 in Fire Magic
  6176 | D:5      | Reached XP level 8. HP: 67/67 MP: 7/14
  6533 | D:6      | Noticed a manticore
  6555 | D:5      | Reached skill level 3 in Short Blades
  6555 | D:5      | Reached skill level 3 in Long Blades
  6555 | D:5      | Reached skill level 3 in Axes
  6555 | D:5      | Reached skill level 3 in Maces & Flails
  6555 | D:5      | Reached skill level 3 in Polearms
  6555 | D:5      | Reached skill level 3 in Staves
  6555 | D:5      | Reached skill level 3 in Slings
  6555 | D:5      | Reached skill level 3 in Bows
  6555 | D:5      | Reached skill level 3 in Crossbows
  6555 | D:5      | Reached skill level 3 in Throwing
  6555 | D:5      | Reached skill level 3 in Armour
  6555 | D:5      | Reached skill level 3 in Dodging
  6555 | D:5      | Reached skill level 3 in Stealth
  6555 | D:5      | Reached skill level 3 in Shields
  6555 | D:5      | Reached skill level 3 in Evocations
  6559 | D:5      | Killed a manticore
  6785 | D:6      | Noticed a wyvern
  6970 | D:5      | Killed a wyvern
  6971 | D:5      | Reached skill level 4 in Invocations
  7061 | D:6      | Reached skill level 3 in Conjurations
  7061 | D:6      | Reached skill level 3 in Hexes
  7061 | D:6      | Reached skill level 3 in Summonings
  7061 | D:6      | Reached skill level 3 in Necromancy
  7061 | D:6      | Reached skill level 3 in Translocations
  7061 | D:6      | Reached skill level 3 in Transmutations
  7061 | D:6      | Reached skill level 3 in Ice Magic
  7061 | D:6      | Reached skill level 3 in Air Magic
  7061 | D:6      | Reached skill level 3 in Earth Magic
  7061 | D:6      | Reached skill level 3 in Poison Magic
  7289 | D:6      | Learned a level 3 spell: Frozen Ramparts
  7302 | D:6      | Reached XP level 9. HP: 72/72 MP: 13/16
  7327 | D:6      | HP: 6/73 [kobold/stone (2)]
  7329 | D:5      | Succumbed to a kobold's poison

Vanquished Creatures
  A manticore (D:5)
  A wyvern (D:5)
  An orc warrior (D:6)
  3 sky beasts
  An ogre (D:4)
  Blork the orc (D:5)
  2 scorpions (D:4)
  A water moccasin skeleton (D:4)
  A wight (D:6)
  A bullfrog zombie (D:6)
  2 jellies
  An orc priest (D:3)
  Terence (D:2)
  A gnoll shaman (D:6)
  2 iguanas
  A hound zombie (D:5)
  A howler monkey zombie (D:4)
  10 adders
  7 gnolls (D:4)
  2 ufetubi (D:5)
  An adder skeleton (D:4)
  3 worms
  2 dart slugs
  12 orcs
  7 ball pythons
  6 endoplasms
  6 giant cockroaches
  8 goblins
  7 hobgoblins
  17 jackals
  4 quokkas
  5 bats
  5 frilled lizards
  9 kobolds
  10 rats
143 creatures vanquished.

Vanquished Creatures (others)
  A ball python (D:3)
1 creature vanquished.

Grand Total: 144 creatures vanquished
